[Event "Titled Tuesday Blitz May 30 Early 2023"]
[White "Yuan, Qingyu"]
[Black "Martic, Ivan"]
[WhiteFideId "8609772"]
[BlackFideId "929301"]
[WhiteElo "2359"]
[BlackElo "2360"]
[Result "1-0"]
[Round "06"]
[TimeControl "180+2"]
[Date "2023.05.30"]
[WhiteClock "0:00:35"]
[BlackClock "0:00:24"]

1. e4 c5 2. Nf3 e6 3. c3 Nf6 4. e5 Nd5 5. g3 d6 6. exd6 Bxd6 7. Bg2 Nc6 8. O-O O-O 9. d4 cxd4 10. Nxd4 Nxd4 11. Qxd4 Qc7 12. c4 Be5 13. Qe4 Nf6 14. Qe2 Bd7 15. Re1 Bd6 16. Nc3 a6 17. Bg5 Rac8 18. Bxf6 gxf6 19. Ne4 Be5 20. Rac1 Bc6 21. b3 Kh8 22. Qh5 Rg8 23. Rcd1 Qe7 24. Qh4 Rcd8 25. Qh6 Rxd1 26. Rxd1 f5 27. Nd2 Bxg2 28. Kxg2 Rd8 29. Rf1 Qf6 30. Qe3 f4 31. Qe2 Qf5 32. Nf3 Bf6 33. Rd1 Rxd1 34. Qxd1 fxg3 35. hxg3 e5 36. Qd5 b6 37. Qxf7 e4 38. Qf8# 1-0


[Site "https://www.chess.com"]

[Event "Titled Tuesday Blitz May 30 Early 2023"]
[White "Miranda, Rafael"]
[Black "Papasimakopoulos, Alexandros"]
[WhiteFideId "130990"]
[BlackFideId "4244125"]
[WhiteElo "2204"]
[BlackElo "2359"]
[Result "0-1"]
[Round "06"]
[TimeControl "180+2"]
[Date "2023.05.30"]
[WhiteClock "0:00:24"]
[BlackClock "0:00:40"]

1. e4 e6 2. d4 d5 3. Nd2 Nf6 4. e5 Nfd7 5. Bd3 c5 6. c3 b5 7. Ne2 b4 8. O-O bxc3 9. bxc3 Ba6 10. Bxa6 Nxa6 11. Qa4 Nb8 12. c4 dxc4 13. Nxc4 Be7 14. dxc5 O-O 15. Rd1 Nxc5 16. Qc2 Qc7 17. Be3 Ncd7 18. Rac1 Na6 19. f4 Nb4 20. Qa4 Bc5 21. Rxd7 Qc8 22. Kh1 Nd5 23. Rxd5 exd5 24. Nd6 Qg4 25. Bxc5 Qxe2 26. Qb3 Rab8 27. Qxd5 Rb2 28. h3 h5 29. Bg1 Rxa2 30. f5 Rd2 31. Bd4 Qd3 32. Rc4 h4 33. e6 Rd1+ 34. Kh2 Qg3# 0-1


[Site "https://www.chess.com"]

[Event "Titled Tuesday Blitz May 30 Early 2023"]
[White "Kilic, Eray"]
[Black "Girsh, Daniel"]
[WhiteFideId "44517173"]
[BlackFideId "30949190"]
[WhiteElo "2328"]
[BlackElo "2075"]
[Result "1-0"]
[Round "06"]
[TimeControl "180+2"]
[Date "2023.05.30"]
[WhiteClock "0:02:16"]
[BlackClock "0:00:14"]

1. d4 Nf6 2. Nc3 d5 3. Bf4 e6 4. Nb5 Na6 5. e3 Be7 6. Nf3 O-O 7. Bd3 c6 8. Nc3 Nb4 9. Be2 Nh5 10. Bg3 c5 11. Ne5 Nxg3 12. hxg3 f6 13. Bd3 Nxd3+ 14. Nxd3 cxd4 15. exd4 Qb6 16. Qh5 h6 17. Qg6 Qxd4 18. Rh4 Qb6 19. Rxh6 Bb4 20. O-O-O Bxc3 21. Rdh1 Bxb2+ 22. Nxb2 Qxf2 23. Rh8# 1-0


[Site "https://www.chess.com"]

[Event "Titled Tuesday Blitz May 30 Early 2023"]
[White "Simonian, Hrair"]
[Black "Uzcategui Rodriguez, Alejandro"]
[WhiteFideId "13302337"]
[BlackFideId "3903400"]
[WhiteElo "2447"]
[BlackElo "2252"]
[Result "1-0"]
[Round "06"]
[TimeControl "180+2"]
[Date "2023.05.30"]
[WhiteClock "0:02:53"]
[BlackClock "0:02:10"]

1. e4 d6 2. d4 Nf6 3. Nc3 e5 4. Nf3 Nbd7 5. Bc4 Be7 6. dxe5 dxe5 7. Bxf7+ Kxf7 8. Ng5+ Kg6 9. Ne6 Qg8 10. f4 h6 11. f5+ Kh7 12. g4 Nf8 13. g5 Nxe6 14. g6# 1-0


[Site "https://www.chess.com"]

[Event "Titled Tuesday Blitz May 30 Early 2023"]
[White "Vakhlamov, Igor L."]
[Black "Schuh, Karsten"]
[WhiteFideId "24126748"]
[BlackFideId "4637950"]
[WhiteElo "2407"]
[BlackElo "2138"]
[Result "1-0"]
[Round "06"]
[TimeControl "180+2"]
[Date "2023.05.30"]
[WhiteClock "0:00:03"]
[BlackClock "0:00:00"]

1. e4 c5 2. Nf3 Nc6 3. Nc3 e6 4. d4 cxd4 5. Nxd4 Qc7 6. Nxc6 bxc6 7. Qf3 Nf6 8. Qg3 Qxg3 9. hxg3 Bb4 10. f3 d5 11. exd5 cxd5 12. Bd2 O-O 13. Bd3 h6 14. a3 Bd6 15. g4 Rb8 16. O-O-O Bd7 17. g5 hxg5 18. Bxg5 Rfc8 19. Rh4 Kf8 20. Re1 Bxa3 21. Rh8+ Ke7 22. Nxd5+ Kd6 23. Rxc8 Bxb2+ 24. Kb1 Bxc8 25. Bf4+ e5 26. Nxf6 gxf6 27. Bd2 Be6 28. Re4 Bd4+ 29. Kc1 f5 30. Rh4 f4 31. c3 Bf2 32. Rh1 a5 33. Kc2 Bb3+ 34. Kb2 a4 35. Ra1 Bc5 36. Bc2 a3+ 37. Kc1 Bc4 38. Kd1 1-0


[Site "https://www.chess.com"]

[Event "Titled Tuesday Blitz May 30 Early 2023"]
[White "Atoufi, Pedram"]
[Black "Di Benedetto, Edoardo"]
[WhiteFideId "12501654"]
[BlackFideId "875740"]
[WhiteElo "2228"]
[BlackElo "2296"]
[Result "0-1"]
[Round "06"]
[TimeControl "180+2"]
[Date "2023.05.30"]
[WhiteClock "0:00:18"]
[BlackClock "0:00:26"]

1. Nc3 d5 2. d4 Nf6 3. e3 c6 4. Be2 Bf5 5. Nf3 Nbd7 6. Nh4 Bg6 7. O-O e6 8. Nxg6 hxg6 9. Bd2 Be7 10. h3 O-O 11. a3 e5 12. Re1 Qc7 13. dxe5 Nxe5 14. b3 Rfe8 15. Rf1 Rad8 16. Qe1 Bd6 17. Bc1 Ned7 18. Bb2 Be5 19. Rb1 Nc5 20. Rd1 Nce4 21. Nxe4 Nxe4 22. Bd4 Bxd4 23. Rxd4 Nd6 24. Qa1 Nf5 25. Rg4 Qe7 26. Bd3 Nd6 27. Rd4 a6 28. Rd1 Qg5 29. c4 dxc4 30. Bxc4 Nf5 31. Rd7 Rxd7 32. Rxd7 Re7 33. Rd1 Kh7 34. a4 Nh4 35. f4 Qxg2# 0-1


[Site "https://www.chess.com"]

[Event "Titled Tuesday Blitz May 30 Early 2023"]
[White "Fridman, Daniel"]
[Black "Sharapov, Evgeny"]
[WhiteFideId "11600454"]
[BlackFideId "14103133"]
[WhiteElo "2525"]
[BlackElo "2367"]
[Result "1-0"]
[Round "06"]
[TimeControl "180+2"]
[Date "2023.05.30"]
[WhiteClock "0:01:07"]
[BlackClock "0:00:53"]

1. d4 Nf6 2. Nf3 e6 3. g3 c5 4. Bg2 cxd4 5. O-O Nc6 6. Nxd4 d5 7. c4 Be7 8. Nc3 O-O 9. cxd5 Nxd5 10. Nxc6 bxc6 11. Bd2 Ba6 12. Re1 Qb6 13. Qc1 Rab8 14. Rb1 Rfd8 15. a3 Qb3 16. e4 Nxc3 17. Bxc3 Bd3 18. Ra1 c5 19. Qe3 c4 20. Qxa7 Rb7 21. Qe3 Rc8 22. a4 Bb4 23. Rec1 Bxc3 24. bxc3 Qb6 25. Qxb6 Rxb6 26. a5 Ra6 27. Ra2 Rb8 28. Rca1 Kf8 29. f3 e5 30. Bf1 Bxf1 31. Kxf1 Ke7 32. Ke2 Kd6 33. Kd2 Kc5 34. Kc2 Rd8 35. Ra4 Rd3 36. Rxc4+ Kxc4 37. Ra4+ Kb5 38. Rb4+ Kc5 39. Kxd3 Rxa5 40. Rb7 Ra2 41. Rxf7 Rxh2 42. Rxg7 Rf2 43. Ke3 Rc2 44. Rxh7 Rxc3+ 45. Ke2 Rc2+ 46. Kd3 Rg2 47. g4 Ra2 48. g5 Ra3+ 49. Ke2 Ra2+ 50. Ke3 Ra3+ 51. Kf2 Kd6 52. Kg3 Ke6 53. Kg4 Ra1 54. Rh6+ Ke7 55. Kf5 Rf1 56. Rh3 Kd6 57. g6 1-0


[Site "https://www.chess.com"]

[Event "Titled Tuesday Blitz May 30 Early 2023"]
[White "Zemlyanskii, Ivan"]
[Black "Shuvalov, Evgenij"]
[WhiteFideId "24249971"]
[BlackFideId "4187237"]
[WhiteElo "2421"]
[BlackElo "2080"]
[Result "1-0"]
[Round "06"]
[TimeControl "180+2"]
[Date "2023.05.30"]
[WhiteClock "0:00:28"]
[BlackClock "0:00:10"]

1. d4 Nf6 2. c4 g6 3. h4 c6 4. Nc3 d5 5. cxd5 cxd5 6. Bf4 Nc6 7. e3 Bg7 8. Nf3 O-O 9. Qb3 Na5 10. Qa3 Bf5 11. Ne5 Rc8 12. Be2 h5 13. O-O Ng4 14. Nxg4 Bxg4 15. Bd3 a6 16. Na4 Nc4 17. Bxc4 dxc4 18. Rac1 e5 19. Bxe5 Bxe5 20. dxe5 Qxh4 21. Nb6 Rc6 22. Nxc4 Be2 23. Na5 Bxf1 24. Nxc6 Bb5 25. Ne7+ Kg7 26. Qd6 Re8 27. Rc7 Qe4 28. Qf6+ Kh6 29. Qxf7 Bf1 30. Kxf1 Qb1+ 31. Ke2 Qxb2+ 32. Kf3 Qb6 33. Qf4+ Kg7 34. Nf5+ Kg8 35. Ne7+ Kh7 36. Nd5+ Qxc7 37. Nxc7 Re7 38. e6 Kg7 39. Qd6 Kf6 40. Nd5+ Kf5 41. e4+ Kg5 42. Qf4# 1-0


[Site "https://www.chess.com"]

[Event "Titled Tuesday Blitz May 30 Early 2023"]
[White "Rustemov, Alexander"]
[Black "Melian, Juan Sebastian"]
[WhiteFideId "4119002"]
[BlackFideId "3706575"]
[WhiteElo "2823"]
[BlackElo "2092"]
[Result "0-1"]
[Round "06"]
[TimeControl "180+2"]
[Date "2023.05.30"]
[WhiteClock "0:00:10"]
[BlackClock "0:00:10"]

1. d4 Nf6 2. c4 e6 3. Nf3 Bb4+ 4. Bd2 a5 5. g3 O-O 6. Bg2 d5 7. a3 Be7 8. Qc2 c5 9. dxc5 d4 10. O-O Nc6 11. Bf4 Bxc5 12. Ne5 Qb6 13. Nd3 Re8 14. Nxc5 Qxc5 15. Nd2 e5 16. Bg5 Nd7 17. Ne4 Qf8 18. c5 Re6 19. b4 axb4 20. axb4 Nxb4 21. Qc4 Rxa1 22. Rxa1 Ra6 23. Rb1 Nc6 24. Nd6 h6 25. Bd2 Nf6 26. Nxb7 Bxb7 27. Rxb7 Ra1+ 28. Bf1 Na5 29. Qb5 Nxb7 30. Qxb7 Qxc5 31. Qb2 Ra8 32. Qb7 Qc8 33. Qb2 Qe6 34. h3 Re8 35. Bg2 h5 36. Bg5 Nd5 37. Bd2 Ne7 38. Qb5 Nf5 39. Bd5 Qe7 40. Bg5 Qf8 41. Qd7 Nd6 42. Kg2 Kh7 43. h4 f6 44. Bd2 Qe7 45. Qc6 g6 46. Bb4 Rd8 47. Qb6 Qd7 48. Bc6 Qe7 49. Qc5 Qc7 50. Qd5 Rc8 51. Ba4 Nf5 52. Bb3 Ng7 53. Bd2 Rb8 54. Bc4 Qb7 55. Qxb7 Rxb7 56. Bd5 Rd7 57. Bc6 Rc7 58. Bd5 Nf5 59. Be4 Nd6 60. Bd5 Nf5 61. Be4 Ne7 62. Bb4 Nc6 63. Bd6 Rd7 64. Bc5 Nd8 65. f4 Kg7 66. Kf3 Nf7 67. Bb4 f5 68. Bc6 e4+ 69. Kf2 Rc7 70. Bd5 d3 71. exd3 exd3 72. Ke3 Rd7 73. Bc4 Nd6 74. Bxd3 Kh6 75. Bc3 Re7+ 76. Be5 Nf7 77. Kd4 Rd7+ 78. Ke3 Nxe5 79. fxe5 Kg7 80. Bc4 Kf8 81. Bb3 Ke7 82. Bc4 Rc7 83. Kd3 Rd7+ 84. Ke3 Ra7 85. Kd4 Ra4 86. Kd5 Ra3 87. Kd4 Rxg3 88. Bd5 Rg4+ 89. Ke3 Rxh4 90. Kf3 Rd4 91. Bc6 h4 92. e6 g5 93. Bd7 Rxd7 94. exd7 Kxd7 95. Ke3 Ke6 96. Kf3 Ke5 97. Kg2 Kf4 98. Kf2 g4 99. Kg2 Ke3 100. Kh2 Kf2 101. Kh1 f4 102. Kh2 g3+ 103. Kh1 g2+ 104. Kh2 g1=Q+ 105. Kh3 Qg3# 0-1


[Site "https://www.chess.com"]

[Event "Titled Tuesday Blitz May 30 Early 2023"]
[White "Molina, Roberto Junio Brito"]
[Black "Sousa, Andre Ventura"]
[WhiteFideId "2109450"]
[BlackFideId "1917617"]
[WhiteElo "2376"]
[BlackElo "2333"]
[Result "1/2-1/2"]
[Round "06"]
[TimeControl "180+2"]
[Date "2023.05.30"]
[WhiteClock "0:00:08"]
[BlackClock "0:00:14"]

1. d4 Nf6 2. c4 e6 3. Nf3 Bb4+ 4. Bd2 Qe7 5. g3 Nc6 6. Bg2 Bxd2+ 7. Nbxd2 d6 8. O-O e5 9. d5 Nb8 10. e4 a5 11. Ne1 Na6 12. Nd3 O-O 13. h3 Nd7 14. a3 Ndc5 15. Nxc5 Nxc5 16. b4 axb4 17. axb4 Rxa1 18. Qxa1 Na6 19. Qc3 c5 20. dxc6 bxc6 21. Nb3 Be6 22. Na5 Qc7 23. Rb1 Rb8 24. Rb2 h6 25. Kh2 Rb6 26. Bf1 Rb8 27. Bd3 c5 28. b5 Nb4 29. Nb3 Ra8 30. Nd2 Qa5 31. Bf1 Qa1 32. Rb3 Qe1 33. Qe3 Qxe3 34. Rxe3 Ra2 35. Re2 Kf8 36. Kg2 Ke7 37. f4 Kd8 38. f5 Bc8 39. Nf3 Ra1 40. Rd2 Kc7 41. Re2 Bb7 42. Nd2 Ra2 43. Kf2 Nd3+ 44. Ke3 Nb4 45. g4 Ra3+ 46. Kf2 Rc3 47. Bg2 Nc2 48. Bf1 Nd4 49. Re3 Rc2 50. Ke1 Ra2 51. Rc3 Ra1+ 52. Kf2 Ra2 53. Ke3 g6 54. Bd3 gxf5 55. gxf5 Ra1 56. Nf3 Rh1 57. Nd2 Rxh3+ 58. Kf2 Rh2+ 59. Ke3 Rh3+ 60. Kf2 Kb6 61. Ra3 Nxf5 62. exf5 e4 63. Ke2 exd3+ 64. Rxd3 Rxd3 65. Kxd3 d5 66. Ke3 Bc8 67. Kf4 dxc4 68. Nxc4+ Kc7 69. Ke5 Bd7 70. b6+ Kb7 71. Nd6+ Kxb6 72. Nxf7 Bxf5 73. Nxh6 Bg6 74. Ng4 Kb5 75. Ne3 Kb4 76. Kd5 Bf7+ 77. Kd6 c4 78. Nxc4 1/2-1/2


[Site "https://www.chess.com"]

[Event "Titled Tuesday Blitz May 30 Early 2023"]
[White "Hayrapetyan, Hovik"]
[Black "Baghdasaryan, Vahe"]
[WhiteFideId "13302639"]
[BlackFideId "13303139"]
[WhiteElo "2348"]
[BlackElo "2216"]
[Result "1-0"]
[Round "06"]
[TimeControl "180+2"]
[Date "2023.05.30"]
[WhiteClock "0:02:16"]
[BlackClock "0:01:16"]

1. d4 Nf6 2. c4 e6 3. Nc3 Bb4 4. Nf3 O-O 5. Bg5 d5 6. e3 Nbd7 7. cxd5 exd5 8. Bd3 c6 9. O-O Re8 10. Qc2 h6 11. Bf4 Nf8 12. h3 Bd6 13. Ne5 Ne6 14. Bh2 Ng5 15. f4 Nge4 16. Nxe4 dxe4 17. Bc4 Nd5 18. Qxe4 f6 19. Qg6 fxe5 20. fxe5 Bf8 21. Bd3 1-0


[Site "https://www.chess.com"]

[Event "Titled Tuesday Blitz May 30 Early 2023"]
[White "Mahdavi, Reza"]
[Black "Degenbaev, Aziz"]
[WhiteFideId "12595926"]
[BlackFideId "13802640"]
[WhiteElo "2352"]
[BlackElo "2152"]
[Result "1-0"]
[Round "06"]
[TimeControl "180+2"]
[Date "2023.05.30"]
[WhiteClock "0:00:08"]
[BlackClock "0:00:00"]

1. e4 c5 2. Nf3 d6 3. d4 cxd4 4. Qxd4 a6 5. Be2 Nc6 6. Qe3 e6 7. O-O Nf6 8. Rd1 Qc7 9. a3 Be7 10. b4 O-O 11. Bb2 Ng4 12. Qf4 e5 13. Qg3 f5 14. exf5 Bxf5 15. Nc3 Nf6 16. Ng5 Nd4 17. Bd3 h6 18. Bxf5 Nxf5 19. Qh3 Qc8 20. Nge4 Nxe4 21. Nxe4 Qxc2 22. Qd3 Qxb2 23. Qd5+ Kh8 24. Ra2 Qd4 25. Rxd4 Nxd4 26. h3 b5 27. Rd2 Rac8 28. Nxd6 Rc1+ 29. Kh2 Bg5 30. Rxd4 exd4 31. Nf7+ Rxf7 32. Qxf7 Bf6 33. Qb7 Rc3 34. Qxa6 d3 35. Qa8+ Kh7 36. Qe4+ Kh8 37. Qd5 Bg5 38. g3 d2 39. f4 Bf6 40. Qxd2 Rxa3 41. Qe2 Rb3 42. Qe8+ Kh7 43. Qe4+ Kh8 44. h4 Rb2+ 45. Kh3 Rb3 46. h5 Rb2 47. Qa8+ Kh7 48. Qa5 Rb3 49. Qxb5 Rc3 50. Qf5+ Kg8 51. b5 1-0


[Site "https://www.chess.com"]

[Event "Titled Tuesday Blitz May 30 Early 2023"]
[White "Baskakov, Egor"]
[Black "Gontcharov, Vladislav"]
[WhiteFideId "24197866"]
[BlackFideId "4123492"]
[WhiteElo "2225"]
[BlackElo "2420"]
[Result "1-0"]
[Round "06"]
[TimeControl "180+2"]
[Date "2023.05.30"]
[WhiteClock "0:01:48"]
[BlackClock "0:01:07"]

1. e4 e6 2. Nc3 d5 3. g3 Nf6 4. Bg2 c5 5. Nge2 Nc6 6. exd5 Nxd5 7. Nxd5 exd5 8. d4 Be6 9. O-O Qd7 10. dxc5 Bxc5 11. Nf4 O-O-O 12. c3 Rhe8 13. b4 Bb6 14. a4 d4 15. a5 dxc3 16. Qxd7+ Rxd7 17. axb6 a6 18. Nxe6 fxe6 19. Bxc6 bxc6 20. Rxa6 Red8 21. Be3 c2 22. Ra2 Kb7 23. Rxc2 1-0


[Site "https://www.chess.com"]

[Event "Titled Tuesday Blitz May 30 Early 2023"]
[White "Bodnaruk, Anastasia"]
[Black "Papadiamandis, Elliot"]
[WhiteFideId "4181751"]
[BlackFideId "36074160"]
[WhiteElo "2304"]
[BlackElo "2219"]
[Result "1-0"]
[Round "06"]
[TimeControl "180+2"]
[Date "2023.05.30"]
[WhiteClock "0:00:03"]
[BlackClock "0:00:05"]

1. e4 d5 2. exd5 Nf6 3. d4 Bg4 4. Nf3 Qxd5 5. Be2 Nc6 6. c4 Qh5 7. d5 O-O-O 8. Nbd2 Ne5 9. Nxe5 Qxe5 10. f3 Bf5 11. f4 Qxf4 12. Rf1 Qh4+ 13. g3 Qh3 14. Qa4 a6 15. Nf3 e6 16. Bf4 Ne4 17. O-O-O Qg2 18. Rfe1 Bc5 19. Nh4 Qf2 20. Bd3 Bd6 21. Be3 Qxh2 22. Bxe4 Bxe4 23. Bg1 Qxg3 24. Rxe4 Bf4+ 25. Kb1 Qxh4 26. c5 Rxd5 27. Rf1 g5 28. c6 a5 29. cxb7+ Kb8 30. Qc6 Rhd8 31. Qa6 Rd1+ 32. Rxd1 Rxd1+ 33. Kc2 c5 34. Qa8+ Kc7 35. b8=Q+ Kd7 36. Qd8# 1-0


[Site "https://www.chess.com"]

[Event "Titled Tuesday Blitz May 30 Early 2023"]
[White "Hambleton, Aman"]
[Black "Roberson, Peter T"]
[WhiteFideId "2606577"]
[BlackFideId "412384"]
[WhiteElo "2511"]
[BlackElo "2346"]
[Result "1-0"]
[Round "06"]
[TimeControl "180+2"]
[Date "2023.05.30"]
[WhiteClock "0:00:03"]
[BlackClock "0:00:00"]

1. d4 Nf6 2. Bf4 b6 3. e3 Bb7 4. h3 g6 5. Nf3 Bg7 6. a4 O-O 7. a5 d6 8. a6 Bc8 9. c3 c6 10. Bh2 b5 11. c4 Bxa6 12. c5 dxc5 13. Bxb8 Qxb8 14. Rxa6 cxd4 15. exd4 Nd5 16. Nc3 Nxc3 17. bxc3 b4 18. Be2 c5 19. O-O cxd4 20. cxd4 Rd8 21. Qd2 Qb7 22. Rd1 b3 23. Qe3 b2 24. Rb1 Rab8 25. Ra2 Rdc8 26. g3 Rc2 27. Bd1 Rc4 28. Raxb2 Qxb2 29. Rxb2 Rxb2 30. Kg2 Rc7 31. d5 Bf6 32. g4 Rb1 33. Be2 Rb2 34. g5 Bg7 35. d6 exd6 36. Qe8+ Bf8 37. Bd3 Rc3 38. Be4 Rb4 39. Bd5 Rc7 40. Qa8 Re7 41. Nh2 Rb2 42. Ng4 h5 43. Nh6+ Kg7 44. Nxf7 Rxf7 45. Bxf7 Kxf7 46. Qxa7+ Be7 47. Qe3 Rb5 48. h4 Rf5 49. Qe4 d5 50. Qd3 Bf8 51. Qa6 Be7 52. Qc6 Bf8 53. Kg3 Be7 54. Qd7 Re5 55. f4 Rf5 56. Kf3 Kf8 57. Qe6 1-0


[Site "https://www.chess.com"]

[Event "Titled Tuesday Blitz May 30 Early 2023"]
[White "Belov, Alexei"]
[Black "Fernandez Guillen, Ernesto J."]
[WhiteFideId "4128206"]
[BlackFideId "3512428"]
[WhiteElo "2555"]
[BlackElo "2429"]
[Result "0-1"]
[Round "06"]
[TimeControl "180+2"]
[Date "2023.05.30"]
[WhiteClock "0:00:22"]
[BlackClock "0:00:40"]

1. e4 e5 2. Nf3 Nc6 3. Bb5 f5 4. Nc3 Nf6 5. Qe2 Qe7 6. d3 Nd4 7. Nxd4 exd4 8. Nd5 Nxd5 9. exd5 Qxe2+ 10. Kxe2 c6 11. dxc6 bxc6 12. Ba4 Rb8 13. Bf4 Rb4 14. Bb3 d5 15. c3 dxc3 16. Bc1 cxb2 17. Bxb2 Ba6 18. Rac1 Kd7 19. Kd2 Bd6 20. g3 Rg8 21. Rhe1 g6 22. f4 Rgb8 23. Bc3 R4b7 24. Be5 Bb4+ 25. Bc3 Re8 26. Rxe8 Kxe8 27. Bxb4 Rxb4 28. Re1+ Kd7 29. Kc3 Rb8 30. d4 Kd6 31. Re5 h6 32. h4 h5 33. Re3 Rf8 34. Re5 Bc8 35. Kb4 Ba6 36. Ka5 Bd3 37. Kb4 Be4 38. Kc3 Rc8 39. Kd2 a5 40. Kc3 Rb8 41. Kd2 a4 42. Bxa4 Rb2+ 43. Kc3 Rxa2 44. Bb3 Rg2 45. Re8 Rxg3+ 46. Kb4 Rg4 47. Rd8+ Kc7 48. Rg8 Kd6 49. Rd8+ Ke7 50. Rg8 Kf7 51. Rc8 Rxh4 52. Rc7+ Kf6 53. Rxc6+ Kg7 54. Kc5 Rxf4 55. Bxd5 Bxd5 56. Kxd5 h4 57. Kc5 h3 58. Ra6 g5 59. d5 Rf1 60. Ra2 Rd1 61. d6 g4 62. Rf2 Kg6 63. Kc6 Kg5 64. d7 g3 65. Rf3 f4 66. Rc3 Rxd7 67. Kxd7 h2 68. Rc1 g2 69. Ke6 g1=Q 0-1


[Site "https://www.chess.com"]

[Event "Titled Tuesday Blitz May 30 Early 2023"]
[White "Djordjevic, Vuk"]
[Black "Lymar, Vladislav"]
[WhiteFideId "902098"]
[BlackFideId "14162180"]
[WhiteElo "2452"]
[BlackElo "2234"]
[Result "0-1"]
[Round "06"]
[TimeControl "180+2"]
[Date "2023.05.30"]
[WhiteClock "0:00:08"]
[BlackClock "0:01:58"]

1. d4 d5 2. c4 e6 3. Nc3 c5 4. cxd5 exd5 5. Nf3 Nc6 6. Be3 c4 7. g3 Nf6 8. Bg2 Bb4 9. O-O h6 10. Ne5 O-O 11. Bf4 Bf5 12. Na4 Rc8 13. a3 Bd6 14. Nc3 Bb8 15. Rc1 Re8 16. Nxc6 bxc6 17. b3 Bxf4 18. gxf4 Qd6 19. bxc4 Qxf4 20. cxd5 cxd5 21. Nxd5 Nxd5 22. Rxc8 Bxc8 23. Bxd5 Qg5+ 24. Kh1 Qxd5+ 25. f3 Rd8 26. Rg1 Qxd4 27. Qc1 Qf6 28. Qe3 a6 29. Qc5 Bb7 30. Qc7 Bxf3+ 31. exf3 Qxf3+ 32. Rg2 Rd1# 0-1


[Site "https://www.chess.com"]

[Event "Titled Tuesday Blitz May 30 Early 2023"]
[White "Karthik Rajaa"]
[Black "WindWhistler11"]
[WhiteFideId "25035215"]
[WhiteElo "2215"]
[BlackElo "2547"]
[Result "1-0"]
[Round "06"]
[TimeControl "180+2"]
[Date "2023.05.30"]
[WhiteClock "0:01:09"]
[BlackClock "0:00:12"]

1. Nf3 Nf6 2. b3 d6 3. d4 g6 4. g3 Bg7 5. Bg2 O-O 6. O-O a5 7. Bb2 a4 8. c4 axb3 9. axb3 Rxa1 10. Bxa1 c6 11. Nbd2 Na6 12. Bc3 Qb6 13. Qa1 Bf5 14. Nh4 Bg4 15. h3 Bc8 16. e4 c5 17. d5 Nb4 18. e5 dxe5 19. Bxe5 Nc2 20. Qb2 Nb4 21. Qc3 Bd7 22. Ra1 Ne8 23. Bxg7 Nxg7 24. Re1 Re8 25. Ne4 Bf5 26. Nxf5 Nxf5 27. Nf6+ Kf8 28. Nd7+ 1-0


[Site "https://www.chess.com"]

[Event "Titled Tuesday Blitz May 30 Early 2023"]
[White "Prohaszka, Peter"]
[Black "Shvedova, Alexandra"]
[WhiteFideId "726265"]
[BlackFideId "54154782"]
[WhiteElo "2626"]
[BlackElo "1973"]
[Result "1-0"]
[Round "06"]
[TimeControl "180+2"]
[Date "2023.05.30"]
[WhiteClock "0:00:13"]
[BlackClock "0:00:02"]

1. d4 Nf6 2. c3 d5 3. Nf3 e6 4. Bg5 Be7 5. Nbd2 b6 6. e3 Bb7 7. Bd3 h6 8. Bxf6 Bxf6 9. Ne5 Nd7 10. f4 a6 11. Qf3 c5 12. O-O Qc7 13. a4 O-O 14. Qh5 b5 15. axb5 axb5 16. Rxa8 Bxa8 17. Ndf3 b4 18. g4 cxd4 19. cxd4 Bxe5 20. fxe5 Rc8 21. Ng5 Nf8 22. Nxf7 Qe7 23. Nd6 Rc6 24. Rf7 Qd8 25. Rxg7+ Kxg7 26. Qf7+ Kh8 27. Ne8 Qg5 28. Qxf8+ Qg8 29. Qf6+ 1-0


[Site "https://www.chess.com"]

[Event "Titled Tuesday Blitz May 30 Early 2023"]
[White "Aggelis, Nikolaos"]
[Black "Danielyan, Vahe"]
[WhiteFideId "4213220"]
[BlackFideId "13304828"]
[WhiteElo "2189"]
[BlackElo "2423"]
[Result "1/2-1/2"]
[Round "06"]
[TimeControl "180+2"]
[Date "2023.05.30"]
[WhiteClock "0:00:17"]
[BlackClock "0:00:24"]

1. c4 e6 2. g3 d5 3. Bg2 Nf6 4. Nf3 Be7 5. O-O O-O 6. d4 Nbd7 7. b3 c6 8. Nbd2 b6 9. Bb2 Bb7 10. Ne5 Rc8 11. Rc1 c5 12. Nxd7 Qxd7 13. dxc5 Bxc5 14. Bxf6 gxf6 15. cxd5 Bxd5 16. Bxd5 Qxd5 17. Nc4 Rfd8 18. Qxd5 Rxd5 19. Rfd1 Rcd8 20. Rxd5 Rxd5 21. Rc2 Kf8 22. Kg2 Ke7 23. Nb2 f5 24. Nd3 Bd6 25. Rc4 e5 26. Rh4 e4 27. Nf4 Rd2 28. Rxh7 Bxf4 29. gxf4 Rxe2 30. a4 e3 31. Kf3 Rxf2+ 32. Kxe3 Rb2 33. a5 Rxb3+ 34. Ke2 bxa5 35. Rh8 a4 36. Ra8 Rb7 37. Rc8 Rb2+ 38. Ke3 Rxh2 39. Rc7+ Kf6 40. Rxa7 a3 41. Ra6+ Kg7 42. Kd4 Re2 43. Rxa3 Re4+ 44. Kd3 Rxf4 45. Ke3 Rh4 46. Ra6 Re4+ 47. Kf3 Re6 48. Ra5 Kf6 49. Ra7 Rb6 50. Rc7 Rb3+ 51. Kf4 Rb4+ 52. Kf3 Kg6 53. Rd7 f6 54. Rd8 f4 55. Rd5 Kf7 56. Rf5 Ke6 57. Rxf4 Rb3+ 58. Kf2 Ke5 59. Ra4 f5 60. Rh4 Rd3 61. Ra4 Rh3 62. Rb4 Rh2+ 63. Kf3 Rh3+ 64. Kf2 Kf6 65. Ra4 Kg5 66. Rb4 Rd3 67. Ra4 Rd2+ 68. Kf3 Rd3+ 69. Kf2 Rc3 70. Rb4 Rc2+ 71. Kf3 Rc3+ 72. Kf2 Ra3 73. Rc4 Kf6 74. Rb4 Ke5 75. Rh4 Ra6 76. Rb4 Rd6 77. Rb5+ Kf4 78. Rb4+ Kg5 79. Ra4 f4 80. Ra8 Rf6 81. Kf3 Kf5 82. Ra5+ Kg6 83. Ra4 Kg5 84. Ra5+ Rf5 85. Rxf5+ Kxf5 86. Kf2 Kg4 87. Kg2 Kg5 88. Kf3 Kf5 89. Kf2 Ke5 90. Kf3 Kf5 1/2-1/2


[Site "https://www.chess.com"]

[Event "Titled Tuesday Blitz May 30 Early 2023"]
[White "Moral Garcia, Serafin"]
[Black "egorchess95"]
[WhiteFideId "2201925"]
[WhiteElo "2274"]
[BlackElo "2702"]
[Result "0-1"]
[Round "06"]
[TimeControl "180+2"]
[Date "2023.05.30"]
[WhiteClock "0:00:00"]
[BlackClock "0:01:49"]

1. e4 c5 2. Nf3 Nc6 3. Bb5 g5 4. Bxc6 dxc6 5. Nxg5 Nf6 6. d3 Rg8 7. O-O h6 8. Nf3 Bh3 9. Ne1 Qd7 10. Kh1 Be6 11. Nc3 O-O-O 12. Be3 c4 13. f4 Bg4 14. Qd2 cxd3 15. cxd3 Kb8 16. Qf2 a6 17. Na4 e6 18. Bc5 Bxc5 19. Nxc5 Qd4 20. h3 Bh5 21. Qxd4 Rxd4 22. Nc2 Rdd8 23. d4 b6 24. Nxa6+ Kb7 25. Nab4 Nxe4 26. Kh2 c5 27. Nd3 cxd4 28. Rae1 f5 29. Nf2 d3 30. Ne3 Nxf2 31. Rxf2 d2 32. Rg1 Rd3 33. Nd1 Rc8 34. g4 Bg6 35. Rg3 Rd5 36. Rc3 Rcd8 37. g5 Bh5 38. Rf1 hxg5 39. fxg5 Re5 0-1


[Site "https://www.chess.com"]

[Event "Titled Tuesday Blitz May 30 Early 2023"]
[White "Kucuksari, Kaan"]
[Black "Sadovsky, Artem"]
[WhiteFideId "6380166"]
[BlackFideId "4155840"]
[WhiteElo "2364"]
[BlackElo "2314"]
[Result "0-1"]
[Round "06"]
[TimeControl "180+2"]
[Date "2023.05.30"]
[WhiteClock "0:00:04"]
[BlackClock "0:00:12"]

1. d4 g6 2. c4 Bg7 3. Nf3 d6 4. Nc3 e5 5. d5 f5 6. e4 Nf6 7. Bd3 O-O 8. Ng5 a5 9. O-O Na6 10. exf5 gxf5 11. Ne6 Bxe6 12. dxe6 e4 13. Be2 Nc5 14. Nd5 Nxe6 15. Qb3 Nd4 16. Qd1 Nxd5 17. cxd5 f4 18. Bg4 Qg5 19. g3 Qxd5 20. Bxf4 Rxf4 21. gxf4 Rf8 22. f5 h5 23. Bh3 Rxf5 24. Bxf5 Qxf5 25. Kh1 Nf3 26. Rg1 Kh8 27. Rg2 d5 28. Qb3 b6 29. Rd1 d4 30. Rc1 Qf4 31. Rc6 e3 32. Re6 Ng5 33. Re8+ Kh7 34. Qg8+ Kh6 35. Re7 Qf6 36. Rxg7 Qxg7 37. Qxg7+ Kxg7 38. Rxg5+ Kf6 39. Rd5 e2 40. Kg2 e1=Q 0-1


[Site "https://www.chess.com"]